 Dungeon Crawl Stone Soup version 0.31.0-12-g77e489cdc1 (webtiles) character file.

Game seed: 7495904472140149639

16 Silvore the Trooper (level 2, -2/24 HPs)
             Began as a Demonspawn Fighter on Feb 11, 2024.
             Slain by a gnoll
             ... wielding a +0 spear
              (6 damage)
             ... on level 1 of the Dungeon.
             The game lasted 00:00:18 (176 turns).

Silvore the Trooper (Demonspawn Fighter)             Turns: 176, Time: 00:00:18

Health: -2/24      AC:  6    Str: 16    XL:     2   Next: 37%
Magic:  2/2        EV:  8    Int:  8    God:
Gold:   45         SH:  4    Dex: 12    Spells: 1/1 levels left

rFire   . . .        a - +0 long sword
rCold   . . .        c - +0 buckler
rNeg    . . .        b - +0 scale mail
rPois   .            (no helmet)
rElec   .            (no cloak)
rCorr   .            (no gloves)
SInv    .            (no boots)
Will    .....        (no amulet) Stlth
                     (no ring)
HPRegen 0.24/turn    (no ring)
MPRegen 0.08/turn

%: no passive effects
@: no status effects
A: demonic guardian 1
a: no special abilities


You were on level 1 of the Dungeon.
You visited 1 branch of the dungeon, and saw 1 of its levels.

You collected 45 gold pieces.

Inventory:

Hand Weapons
 a - a +0 long sword (weapon)
Armour
 b - a +0 scale mail (worn)
 c - a +0 buckler (worn)
Scrolls
 g - a scroll of enchant armour {unknown}
Potions
 d - a potion of might
 e - 2 potions of brilliance {unknown}
 f - a potion of attraction {unknown}


   Skills:
 + Level 3.2 Fighting
 + Level 1.9 Long Blades
 + Level 3.0 Armour
 + Level 2.9 Shields


You had one spell level left.
You didn't know any spells.
Your spell library was empty.

Dungeon Overview and Level Annotations

Branches:
Dungeon (1/15)

Altars:


Innate Abilities, Weirdness & Mutations

A weak demonic guardian rushes to your aid.


Message History

You see here a hobgoblin corpse.
You now have 45 gold pieces (gained 8).
A hobgoblin comes into view.
The hobgoblin shouts!
You hear a shout! x2
You see here 7 stones.
A hobgoblin is nearby!
A hobgoblin is nearby!
A hobgoblin is nearby!
A gnoll and a hobgoblin come into view.
The gnoll shouts!
You slash the hobgoblin!
You kill the hobgoblin!
You hit the hobgoblin.
The hobgoblin is heavily wounded.
The hobgoblin hits you but does no damage.
You closely miss the hobgoblin.
The hobgoblin is heavily wounded.
The hobgoblin barely misses you. The gnoll barely misses you.
The hobgoblin hits you. The gnoll hits you but does no damage.
You barely miss the hobgoblin.
The hobgoblin is heavily wounded.
The hobgoblin hits you.
The gnoll hits you from afar with a +0 spear.
You hit the hobgoblin.
You kill the hobgoblin!
You block the gnoll's attack. The gnoll hits you with a +0 spear.
You slash the gnoll!
The gnoll is heavily wounded.
The gnoll hits you with a +0 spear! The gnoll hits you with a +0 spear.
* * * LOW HITPOINT WARNING * * *
You barely miss the gnoll.
The gnoll is heavily wounded.
The gnoll hits you with a +0 spear.
* * * LOW HITPOINT WARNING * * *
A demonic guardian appears!
You completely miss the gnoll.
The gnoll is heavily wounded.
The gnoll hits you with a +0 spear.
You die...

.# .# .. .# ##
###### .#
..####........##.##
.##....###........#
#.##.##...###.5..#.#
..##........###g@..#
.# #.#........###..#
## #.##[....###..(.#
####.##...###......#
...#.##.###...###..#
##.#..#.....###....#
#.#......###......#
##†#.##.###).......#
.....##...###..†..##


You could see a gnoll (ally target) and a friendly shadow imp (summoned).

Vanquished Creatures
  A dart slug (D:1)
  3 ball pythons (D:1)
  A giant cockroach (D:1)
  A goblin (D:1)
  4 hobgoblins (D:1)
  A kobold (D:1)
11 creatures vanquished.

Notes
Turn   | Place    | Note
-------+----------+-------------------------------------------
     0 | D:1      | Silvore the Demonspawn Fighter began the quest for the Orb.
     0 | D:1      | Reached XP level 1. HP: 18/18 MP: 1/1
   111 | D:1      | Gained mutation: A weak demonic guardian rushes to your
                  | aid. [demonic ancestry]
   111 | D:1      | Reached XP level 2. HP: 23/24 MP: 2/2
   176 | D:1      | Slain by a gnoll

Illustrated notes

Levels and vault maps discovered:
D:1:      matt_arrival_los_fun, layout_basic, serial_park_tiny_pond,
          minmay_unequal

Skill      XL: |  1  2 |
---------------+-------+-----
Armour         | 3 |  3.0
Fighting       | |  3.2
Long Blades    | |  1.9
Shields        | |  2.9

Action                     || total
---------------------------++-------
  Melee: Long sword        ||    28
 Armour: Scale mail        ||    25
  Dodge: Dodged            ||    11
  Block: Buckler           ||     5
